cohdb
Replays
Latest Replays
All Replays
Popular Replays
Top Player Replays
Match Explorer
How It Works
Community
CoH3 Stats
Reddit
Sign in to upload your games and track your stats! →
Sign in with Steam
Match 48566888
Unlisted
Match 48566888
Overview
Messages
Build Orders
End
Selects Italian Combined Arms Battlegroup
Selects Bersaglieri Squad
Bersaglieri Squad
Kradschützen Motorcycle Team
Bersaglieri Squad
Panzergrenadier Squad
Selects Bersaglieri Bolster
Construct Light Support Kompanie
Fire Support Elements
Flakvierling Half-track
Assault Mechanized Group
Selects Breda Model 30 Light Machine Guns
Vehicle Survival Package
Tomsch
Angrybirds
Master_Baiter
Draken
0
0
Comments
sign in to comment!
No comments posted yet!